 Dungeon Crawl Stone Soup version 0.24.0-123-gd5b16e6ec5 (webtiles) character file.

Game seed: 4035851268648057507, levelgen mode: deterministic

12538 DrOrange the Cleaver (level 11, -6/103 HPs)
             Began as a Minotaur Berserker on Dec 29, 2019.
             Was a High Priest of Trog.
             Killed from afar by an electric eel (14 damage)
             ... with a bolt of electricity
             ... on level 10 of the Dungeon.
             The game lasted 00:18:08 (7927 turns).

DrOrange the Cleaver (Minotaur Berserker)           Turns: 7927, Time: 00:18:08

Health: -6/103     AC: 13    Str: 26    XL:     11   Next: 63%
Magic:  10/10      EV: 16    Int:  4    God:    Trog [*****.]
Gold:   573        SH:  0    Dex:  9    Spells: 10/10 levels left

rFire    . . .     SeeInvis .   v - +0 war axe
rCold    . . .     Gourm    .   (no shield)
rNeg     . . .     Faith    .   m - +0 ring mail
rPois    .         Spirit   .   (helmet restricted)
rElec    .         Reflect  .   l - +1 cloak
rCorr    .         Harm     .   (no gloves)
MR       ++...                  (no boots)
Stlth    ..........             (no amulet)
HPRegen  1.27/turn              y - +3 ring of slaying
MPRegen  0.12/turn              C - +3 ring of protection

@: regenerating
A: retaliatory headbutt, horns 2
a: Berserk, Trog's Hand, Brothers in Arms, Renounce Religion


You were on level 10 of the Dungeon.
You worshipped Trog.
Trog was extremely pleased with you.
You were very hungry.

You visited 1 branch of the dungeon, and saw 10 of its levels.

You collected 573 gold pieces.

Inventory:

Hand Weapons
 a - a +0 hand axe
 s - a +0 antimagic spear
 v - a +0 war axe (weapon)
Armour
 b - a +0 animal skin
 l - a +1 cloak (worn)
 m - a +0 ring mail (worn)
Jewellery
 o - a cursed ring of teleportation {unknown}
 u - an uncursed ring of stealth
 y - a +3 ring of slaying (left hand)
 C - a +3 ring of protection (right hand)
Wands
 i - a wand of disintegration (9)
 w - a wand of digging (3)
 E - a wand of random effects (13)
 F - a wand of enslavement (18)
 H - a wand of paralysis (8)
Scrolls
 d - 4 scrolls of fog
 e - 3 scrolls of remove curse
 g - 3 scrolls of fear
 h - 3 scrolls of amnesia
 p - 7 scrolls of identify
 t - 2 scrolls of blinking
 B - 4 scrolls of teleportation
 D - 3 scrolls of magic mapping
 J - a scroll of enchant armour
Potions
 f - a potion of mutation {unknown}
 j - a potion of lignification {unknown}
 k - 4 potions of heal wounds
 n - 4 potions of might {unknown}
 q - 3 potions of flight {unknown}
 r - 2 potions of haste {unknown}
 x - a potion of curing {unknown}
 z - 3 potions of invisibility {unknown}
 A - a potion of ambrosia {unknown}
 G - 2 potions of cancellation {unknown}
 I - a potion of berserk rage {unknown}
Comestibles
 c - 12 rations


   Skills:
 + Level 11.6 Fighting
 + Level 11.6 Axes
 + Level 11.3 Armour
 + Level 10.5 Dodging


You had 10 spell levels left.
You didn't know any spells.
Your spell library was empty.

Dungeon Overview and Level Annotations

Branches:
Dungeon (10/15)            Temple (0/1) D:6            Lair (0/6) D:9
    Orc: D:9-12

Altars:
Cheibriados
Elyvilon
Fedhas
Okawaru
Qazlal
Ru
Trog
Uskayaw
Wu Jian
Zin
The Shining One

Annotations:
D:7 1 runed translucent door


Innate Abilities, Weirdness & Mutations

You reflexively headbutt those who attack you in melee.
You have a pair of horns on your head.


Message History

You are too injured to fight recklessly!
You are too injured to fight recklessly!
You are feeling very hungry.
The electric eel shoots out a bolt of lightning at you!
The bolt of electricity hits the plant.
The bolt of electricity hits you!
* * * LOW HITPOINT WARNING * * *
The electric eel shoots out a bolt of lightning at you!
The bolt of electricity hits the plant!
The bolt of electricity hits the plant.
The bolt of electricity hits you!
* * * LOW HITPOINT WARNING * * *
The electric eel shoots out a bolt of lightning at you!
The bolt of electricity hits the plant!
The bolt of electricity hits you!
* * * LOW HITPOINT WARNING * * *
The electric eel shoots out a bolt of lightning at you!
The bolt of electricity hits the plant!
The bolt of electricity misses you.
There is an open door here.
The electric eel shoots out a bolt of lightning at you!
The bolt of electricity hits the plant.
The bolt of electricity hits the plant!
The bolt of electricity hits you!
You die...

#.# #.####.#.#####.....(..###.
#.###.#....#.##. #######...##.
#.....#.####.#.. ..≈.≈##'###.
#.###....)...#.# ..≈≈;;#.# #.
#...#.#.######.# ...!.≈#.# #.
##..#.#.#...##≈# ..≈$≈≈#.#
#..#.#..)..#≈≈# .P($≈##≈#
##..#.###.###)##########≈##
#..........#.@#..P..;##≈##
#...#.#....#.#'..PP(;≈#≈#
#..........#≈#....P(.≈#.#
#.......#.##≈#...≈P;≈≈#.#
#..#.#.....#≈##..P≈[≈##.#
#..#.####..##.########≈#######
#.........<###....≈≈≈≈## #....
#..#####...#.#############.###
#..............##...#.........


You could see 2 electric eels.

Vanquished Creatures
  3 death yaks (D:9)
  Urug (D:10)
  A gargoyle (D:10)
  A komodo dragon (D:10)
  3 trolls
  Grinder (D:3)
  2 hippogriffs
  A wraith (D:8)
  A spriggan (D:10)
  15 yaks
  A hungry ghost (D:7)
  2 porcupines (D:9)
  An orc warrior (D:10)
  4 sky beasts
  A black bear (D:10)
  4 ice beasts
  4 eyes of draining
  4 ogres
  6 centaurs
  3 big kobolds
  6 bullfrogs
  5 scorpions
  5 wights (D:8)
  12 killer bees (D:7)
  A howler monkey (D:10)
  7 crimson imps
  A bullfrog zombie (D:5)
  2 centaur zombies
  5 hounds
  2 jellies
  4 orc wizards
  2 orc priests (D:6)
  A centaur skeleton (D:9)
  An iguana (D:8)
  7 worker ants
  A hound skeleton (D:6)
  2 worker ant zombies (D:9)
  10 adders
  A gnoll (D:3)
  2 river rats (D:9)
  2 shadow imps
  An ooze (D:4)
  4 worms
  6 dart slugs
  A leopard gecko (D:7)
  19 orcs
  3 giant cockroaches
  10 goblins
  7 hobgoblins
  3 jackals (D:7)
  24 kobolds
  7 quokkas
  3 ball pythons
  8 bats
  4 frilled lizards
  A quokka skeleton (D:5)
  6 rats
245 creatures vanquished.

Vanquished Creatures (collateral kills)
  A two-headed ogre (D:10)
1 creature vanquished.

Vanquished Creatures (others)
  A bush (D:10)
1 creature vanquished.

Grand Total: 247 creatures vanquished

Notes
Turn   | Place    | Note
-------+----------+-------------------------------------------
     0 | D:1      | DrOrange the Minotaur Berserker began the quest for the
                  | Orb.
     0 | D:1      | Reached XP level 1. HP: 19/19 MP: 0/0
   102 | D:1      | Reached XP level 2. HP: 21/27 MP: 1/1
   423 | D:1      | Reached XP level 3. HP: 29/33 MP: 2/2
   429 | D:1      | Reached ** piety under Trog
   964 | D:2      | Reached XP level 4. HP: 37/41 MP: 3/3
  1485 | D:3      | Noticed an eye of draining
  1487 | D:3      | Noticed an eye of draining
  1488 | D:3      | Found a bloodstained altar of Trog.
  1489 | D:3      | Noticed an eye of draining
  1494 | D:3      | Killed an eye of draining
  1494 | D:3      | Reached XP level 5. HP: 47/47 MP: 0/4
  1501 | D:3      | Killed an eye of draining
  1501 | D:3      | Reached skill level 5 in Fighting
  1501 | D:3      | Reached skill level 5 in Axes
  1501 | D:3      | Reached XP level 6. HP: 56/56 MP: 1/5
  1535 | D:3      | Noticed Grinder
  1548 | D:3      | Killed Grinder
  1548 | D:3      | Reached skill level 5 in Armour
  1548 | D:3      | Reached XP level 7. HP: 62/62 MP: 6/6
  2304 | D:4      | Found a glowing drain.
  2434 | D:4      | Reached skill level 5 in Dodging
  2702 | D:4      | Reached *** piety under Trog
  3045 | D:5      | Entered Level 5 of the Dungeon
  3108 | D:5      | Reached XP level 8. HP: 66/71 MP: 7/7
  3417 | D:5      | Found an ornate altar of the Wu Jian Council.
  4014 | D:6      | Found a staircase to the Ecumenical Temple.
  4257 | D:7      | Reached XP level 9. HP: 81/81 MP: 8/8
  4399 | D:7      | Reached **** piety under Trog
  4579 | D:7      | Found a runed translucent door.
  4579 | D:7      | Noticed an angel
  4580 | D:7      | Found a white marble altar of Elyvilon.
  4602 | D:7      | Found a snail-covered altar of Cheibriados.
  4615 | D:7      | Noticed a +0 dagger
  4616 | D:7      | Noticed a +0 hand axe
  4617 | D:7      | Found a stormy altar of Qazlal.
  4618 | D:7      | Found a glowing silver altar of Zin.
  4648 | D:7      | Found a hide-covered altar of Uskayaw.
  5247 | D:8      | Found a glowing golden altar of the Shining One.
  5354 | D:8      | Reached XP level 10. HP: 83/91 MP: 9/9
  5929 | D:9      | Reached skill level 10 in Axes
  5998 | D:9      | Reached ***** piety under Trog
  5998 | D:9      | Reached skill level 10 in Fighting
  6308 | D:9      | Found a staircase to the Lair.
  6308 | D:9      | Noticed a death yak
  6308 | D:9      | Noticed a death yak
  6315 | D:9      | Noticed a death yak
  6329 | D:9      | Killed a death yak
  6329 | D:9      | Reached skill level 10 in Armour
  6335 | D:9      | Killed a death yak
  6340 | D:9      | Killed a death yak
  6340 | D:9      | Reached XP level 11. HP: 61/101 MP: 10/10
  6382 | D:9      | Found a sacrificial altar of Ru.
  6382 | D:9      | Found an iron altar of Okawaru.
  6656 | D:10     | Entered Level 10 of the Dungeon
  6716 | D:10     | Noticed Urug
  6728 | D:10     | Killed Urug
  6944 | D:10     | Found a blossoming altar of Fedhas.
  7041 | D:10     | Reached skill level 10 in Dodging
  7680 | D:10     | Noticed a two-headed ogre
  7688 | D:10     | Killed a two-headed ogre
  7927 | D:10     | Killed from afar by an electric eel

Levels and vault maps discovered:
D:1:      scummos_arrival_simple_crosswalls, layout_basic
D:2:      layout_basic, minmay_pentomino_x4
D:3:      layout_loops_corners, trog_eyes_of_draining, uniq_grinder
D:4:      layout_layer_cave, serial_glass, glass_columns_a, glass_columns_a,
          cheibrodos_sewer_entry_sluice, first_ration
D:5:      layout_basic, kennysheep_little_box
D:6:      layout_basic, minmay_temple_entry_grid
D:7:      layout_cave_pools, dancing_weapons_uskayaw,
          chequers_temple_overflow_statue_of_worship, lemuel_angel_altar
D:8:      layout_basic, lemuel_crystal_altar
D:9:      layout_roguey, gammafunk_temple_overflow_statue, dpeg_lair_monsters
D:10:     cheibrodos_two_vegetables, layout_basic, the_bakery,
          minmay_misc_feat_more_columns, fedhas_bush_and_centaur_altar,
          uniq_urug

Skill      XL: |  1  2  3  4  5  6  7  8  9 10 11 |
---------------+----------------------------------+-----
Fighting       | 4 5 6 7 9 10 11 | 11.6
Axes           | 4 5 6 7 9 10 11 | 11.6
Armour         | 3 4 5 6 7 9 10 11 | 11.3
Dodging        | 3 4 5 6 8 9 10 | 10.5

Action                   |  1- 3 |  4- 6 |  7- 9 | 10-12 || total
-------------------------+-------+-------+-------+-------++-------
Melee: Hand axe          |    96 |    46 |    16 |       ||   158
       Headbutt          |    18 |    11 |    34 |    54 ||   117
       War axe           |       |       |   209 |   219 ||   428
Invok: Berserk           |       |     2 |     5 |     6 ||    13
       Trog's Hand       |       |     1 |     2 |     1 ||     4
       Brothers in Arms  |       |       |       |     2 ||     2
  Use: Scroll            |       |       |    11 |       ||    11
  Eat: Chunk             |       |     3 |     4 |    11 ||    18
       Ration            |       |       |     5 |     1 ||     6
Armor: Animal skin       |    13 |       |       |       ||    13
       Ring mail         |     8 |    10 |   108 |    69 ||   195
Dodge: Dodged            |    60 |    19 |   171 |   141 ||   391
